 Dungeon Crawl Stone Soup version 0.30-a0-371-gad7725a93e (webtiles) character file.

Game seed: 2169972019728246376

81 bande the Covered (level 4, -2/29 HPs)
             Began as a Gargoyle Fighter on Nov 23, 2022.
             Slain by a goblin
             ... wielding a +0 dagger
             ... led by Robin
              (4 damage)
             ... on level 2 of the Dungeon.
             The game lasted 00:02:24 (999 turns).

bande the Covered (Gargoyle Fighter)                 Turns: 999, Time: 00:02:24

Health: -2/29      AC: 10    Str: 20    XL:     4   Next: 40%
Magic:  4/4        EV:  9    Int:  8    God:
Gold:   59         SH:  4    Dex: 11    Spells: 3/3 levels left

rFire   . . .      SeeInvis .    a - +0 war axe
rCold   . . .      Faith    .    c - +0 buckler
rNeg    + . .      Spirit   .    b - +0 scale mail
rPois   ∞          Reflect  .    (no helmet)
rElec   +          Harm     .    (no cloak)
rCorr   .          Rampage  .    (no gloves)
Will    .....                    (no boots)
Stlth   ..........               (no amulet)
HPRegen 0.24/turn                (no ring)
MPRegen 0.09/turn                (no ring)

@: no status effects
A: sickness immunity, AC +3, negative energy resistance 1, electricity
resistance, torment resistance 1, petrification resistance
a: no special abilities


You were on level 2 of the Dungeon.
You visited 1 branch of the dungeon, and saw 2 of its levels.

You collected 59 gold pieces.

Inventory:

Hand Weapons
 a - a +0 war axe (weapon)
Armour
 b - a +0 scale mail (worn)
 c - a +0 buckler (worn)
Jewellery
 e - an amulet of magic regeneration
Potions
 d - 3 potions of might
 f - 2 potions of ambrosia {unknown}


   Skills:
 + Level 3.7 Fighting
 + Level 3.0 Axes
 + Level 3.8 Armour
 - Level 0.1 Dodging
 + Level 3.8 Shields


You had 3 spell levels left.
You didn't know any spells.
Your spell library was empty.

Dungeon Overview and Level Annotations

Branches:
Dungeon (2/15)

Altars:

Annotations:
D:2 Robin


Innate Abilities, Weirdness & Mutations

You are immune to sickness and miasma.
Your stone body is resilient. (AC +3)
You are immune to poison.
You resist negative energy. (rN+)
You are resistant to electric shocks. (rElec)
You are resistant to unholy torment.
You are immune to petrification.


Message History

You kill the hobgoblin!
You barely miss the goblin. You block the goblin's attack.
The goblin hits you but does no damage. You block the goblin's attack.
You closely miss the goblin. You slash the goblin!
You kill the goblin!
You closely miss the goblin. x2; The goblin hits you but does no damage.
You block the goblin's attack. Robin throws the goblin at you!
The goblin hits you with a +0 dagger. The goblin hits you but does no damage.
You are too injured to fight recklessly!
You are too injured to fight recklessly!
You are too injured to fight recklessly!
You are too injured to fight recklessly!
You are too injured to fight recklessly!
You are too injured to fight recklessly!
You are too injured to fight recklessly!
You are too injured to fight recklessly!
Unknown command.
You miss the goblin. You hit the goblin.
You kill the goblin!
You barely miss the goblin. You closely miss the goblin.
The goblin hits you with a +0 dagger. The goblin hits you with a +0 club.
* * * LOW HITPOINT WARNING * * *
You block the goblin's attack. The goblin hits you but does no damage.
The goblin barely misses you. The goblin closely misses you.
You block the goblin's attack.
Unknown command.
You miss the goblin. You closely miss the goblin. x3
The goblin hits you with a +0 dagger.
* * * LOW HITPOINT WARNING * * *
The goblin closely misses you. The goblin hits you with a +0 club.
* * * LOW HITPOINT WARNING * * *
The goblin hits you but does no damage.
You slash the goblin!
You kill the goblin!
You hit the goblin but do no damage. You barely miss the goblin.
You hit the goblin.
The goblin hits you but does no damage. x3
The goblin barely misses you. x2
The hobgoblin hits you but does no damage.
The goblin hits you with a +0 dagger.
You die...

###### .. <....# #.
.###..# #. .# #.
.######..####.#######..
................†.....#
..#####..####..)....###
#..#### .......g###.#
##....# .######g@# #
####.# ##gg# #)#


##ggg .....$.?.# #.g.# #####.#...# #.... #.##..# ..... #.# ..# .>.. #.. ..# ....
... .# You could see Robin, 3 hobgoblins and 4 goblins.

Vanquished Creatures
  3 adders (D:2)
  6 ball pythons
  8 endoplasms
  2 giant cockroaches
  8 goblins
  6 hobgoblins
  2 jackals (D:2)
  4 kobolds
  A quokka (D:1)
  3 bats
  2 frilled lizards (D:1)
  4 rats (D:1)
49 creatures vanquished.

Vanquished Creatures (others)
  A plant (D:1)
1 creature vanquished.

Grand Total: 50 creatures vanquished

Notes
Turn   | Place    | Note
-------+----------+-------------------------------------------
     0 | D:1      | bande the Gargoyle Fighter began the quest for the Orb.
     0 | D:1      | Reached XP level 1. HP: 14/14 MP: 1/1
   147 | D:1      | Reached XP level 2. HP: 14/19 MP: 2/2
   430 | D:1      | Reached XP level 3. HP: 12/23 MP: 3/3
   971 | D:2      | Reached XP level 4. HP: 29/29 MP: 4/4
   991 | D:2      | Noticed Robin
   999 | D:2      | Slain by a goblin

Illustrated notes

Levels and vault maps discovered:
D:1:      minmay_arrival_checkered_box, layout_loops_ring,
          minmay_shallow_snake_nest
D:2:      layout_rooms, uniq_sigmund, uniq_robin

Skill      XL: |  1  2  3  4 |
---------------+-------------+-----
Axes           | 2 3 |  3.0
Fighting       | |  3.7
Armour         | |  3.8
Dodging        | |  0.1
Shields        | |  3.8

Action                   |  1- 3 |  4- 6 || total
-------------------------+-------+-------++-------
Melee: War axe           |   102 |    16 ||   118
Armor: Scale mail        |    72 |    19 ||    91
Dodge: Dodged            |    59 |    13 ||    72
Block: Buckler           |    24 |     7 ||    31

Table legend: (Time is in decaauts)
 A = Elapsed time spent in this place.
 B = Non-inter-level travel time spent in this place.
 C = Inter-level travel time spent in this place.
 D = Time resting spent in this place.
 E = Time spent auto-exploring this place.
 F = Levels seen in this place.
 G = Mean time per level.
                   A        B        C        D        E       F      G
               +--------+--------+--------+--------+--------+-----+--------+
         Total |   1048 |   1048 |      0 |    143 |    593 |   2 |  524.0 |
       Dungeon |   1048 |   1048 |      0 |    143 |    593 |   2 |  524.0 |
               +--------+--------+--------+--------+--------+-----+--------+

Top non-repeatable levels by time:
     D:1: 938 daAuts
     D:2: 109 daAuts
